Map: Lerilak Crest

Players

Trainbike - Winner!

  • Race: Protoss Protoss
  • League: Silver

Grumm

  • Race: Zerg Zerg
  • League: Gold

VOD

Have the link to the VOD?

Description

Time

  • Played on: Jan. 11, 2016, 8:42 p.m.
  • Length: 7:30
Show
View Real Time Build Order
Export as new Build Order

Trainbike Protoss - Winner!

Build Orders: Nexus First, Blink Stalkers 

Get SALT Encoding   

  12  0:01  Probe (Chrono Boost)  
  13  0:12  Probe (Chrono Boost)  
  14  0:22  Probe (Chrono Boost)  
  14  0:27  Pylon  
  15  0:45  Probe (Chrono Boost)  
  16  0:55  Probe (Chrono Boost)  
  17  1:01  Nexus  
  17  1:13  Gateway  
  17  1:15  Probe (Chrono Boost)  
  18  1:22  Assimilator  
  18  1:26  Probe (Chrono Boost)  
  18  1:31  Assimilator  
  19  1:37  Pylon  
  19  1:40  Probe (Chrono Boost)  
  20  1:50  Probe (Chrono Boost)  
  21  2:01  Cybernetics Core, Probe (Chrono Boost)  
  22  2:10  Gateway  
  22  2:13  Probe (Chrono Boost)  
  23  2:20  Probe (Chrono Boost)  
  24  2:24  Probe (Chrono Boost)  
  25  2:32  Probe (Chrono Boost)  
  25  2:33  Zealot  
  25  2:36  Probe (Chrono Boost)  
  29  2:43  Warp Gate  
  29  2:47  Probe x2 (Chrono Boost)  
  31  2:53  Twilight Council  
  31  2:57  Probe (Chrono Boost)  
  31  2:58  Probe (Chrono Boost)  
  33  3:08  Probe x2 (Chrono Boost)  
  35  3:15  Assimilator  
  35  3:18  Probe (Chrono Boost)  
  35  3:19  Probe (Chrono Boost)  
  37  3:20  Assimilator  
  37  3:22  Pylon  
  37  3:25  Blink  
  37  3:29  Probe x2 (Chrono Boost)  
  39  3:37  Forge  
  39  3:39  Probe (Chrono Boost)  
  39  3:40  Probe (Chrono Boost)  
  41  3:42  Gateway  
  41  3:49  Gateway  
  41  3:50  Probe (Chrono Boost)  
  41  3:53  Probe (Chrono Boost)  
  43  4:00  Probe (Chrono Boost)  
  43  4:01  Gateway  
  44  4:12  Probe (Chrono Boost)  
  44  4:13  Protoss Ground Weapons Level 1 (Chrono Boost)  
  45  4:22  Pylon  
  45  4:23  Gateway  
  45  4:24  Gateway, Probe x2  
  46  4:27  Pylon  
  44  4:52  Zealot x4  
  49  5:17  Stalker x3  
  53  5:46  Assimilator  
  53  5:52  Assimilator  
  53  5:55  Stalker  
  53  5:56  Stalker  
  57  6:07  Stalker x2  
  57  6:08  Nexus  
  61  6:17  Zealot x3  
  61  6:52  Stalker x5  
  61  6:53  Stalker  
  67  7:14  Probe x2  
Show
View Real Time Build Order
Export as new Build Order

Grumm Zerg 

Build Orders: Pool First 

Get SALT Encoding   

  12  0:01  Drone  
  13  0:08  Drone  
  14  0:16  Overlord  
  14  0:36  Spawning Pool  
  14  0:37  Drone  
  14  0:42  Drone  
  15  0:45  Extractor  
  15  0:47  Extractor  
  13  0:51  Drone  
  14  1:11  Drone  
  14  1:12  Drone x2  
  17  1:26  Queen  
  19  1:51  Hatchery  
  18  2:06  Lair  
  18  2:21  Drone x3  
  21  2:32  Overlord  
  21  3:05  Nydus Network  
  20  3:09  Zergling x4  
  20  3:10  Zergling x4  
  24  3:23  Drone x2  
  26  3:42  Hydralisk Den  
  26  3:44  Zergling x12  
  31  4:13  Nydus Canal  
  31  4:21  Drone  
  31  4:23  Overlord  
  32  4:40  Spine Crawler  
  28  4:57  Spine Crawler  
  19  5:37  Drone  
  19  5:38  Drone x7  
  27  5:46  Queen  
  27  5:48  Queen  
  31  6:01  Hydralisk  
  31  6:02  Hydralisk x3  
  39  6:16  Hydralisk x2  
  41  6:41  Hydralisk x2  
  41  6:45  Hydralisk x2  
  40  6:55  Spine Crawler  
  35  7:04  Hatchery  
Tags
 
Add a new tag
Caveats
  • Supply blocks, unpowered buildings, or Contaminate may cause inaccurate times.
  • Supply counts are checked every 10 seconds.